← All builds
Beach sea / Cortex / Economy first / OBSERVED BUILD

Standard beach sea

Cortex Beach sea build order · Supreme Isthmus

The role's usual play: com goes to sea to build a shipyard around 2 minutes, pumping frigates and destroyers to contest enemy sea entry or hold vision, with an advanced metal extractor around 10 minutes as the transition into the team's…

Usually shipyard first (93%)

#naval #eco · 1552 distinct matches · 206 players · 84% of Cortex Beach sea games · team won 55% of 1756 · Recently observed

HOW TO PLAY IT

Key timing: Shipyard by 1:56

  1. Open 3 mex, then send com to sea to build Shipyard by 1:56.
  2. Add tidal generators, wind and more mex to fund the shipyard.
  3. Pump Riptide first, then Oppressor to contest enemy sea entry.
  4. Get T2 constructor out to start scaling the naval economy.
  5. Transition into Advanced Metal Extractor as the economy phase begins.

Phase by phase

TYPICAL OF ITS 1552 GAMES
  1. 1
  2. 2
  3. 3
PLAY THE OPENING

Follow the example game's first 6:00 step by step: what to build now, what comes next, and where it goes. At 1× it keeps pace with your own game.

  1. 1

    Up to the Shipyard

    Economy
    • Metal Extractor3Mex
    • Wind Turbine3Windfor allies
    • Wind Turbine2Wind
    • Energy Storage1Energy storage
    Order
    1. ShipyardShipyard after 3 mex, 2 wind, 1 energy storagedone ~1:56, middle half 1:43–2:07

    By 1:39 in all: 3 mex · 2 wind · 1 energy storage

    The example game in this phase · 7 steps
    1. Mex ×3
    2. Wind ×2
    3. Wind ×2for Air
    4. GuardGuard
    5. Windfor Air
    6. Energy storage
    7. ShipyardShipyarddone 2:02 · typical 1:56
  2. 2

    Shipyard to 5:00

    Economy
    • Metal Extractor5Mex
    • Tidal Generator2Tidal
    Builders
    • Construction Ship2 Con ship
    Army
    • Riptide2 Frigate
    • Herring1 Missile corvette
    • Oppressor1 Destroyer
    Other
    • Naval Radar / Sonar Tower1 Naval Radar / Sonar Tower

    Some games also: Urchin (46%) · mex (38%) · wind (37%) · submarine (36%) · wind (36%)

    By 5:00 in all: 8 mex · 3 wind · 2 tidal · 1 energy storage

    The example game in this phase · 19 steps
    1. Tidal
    2. Construction ShipCon ship
    3. Tidal
    4. Construction ShipCon ship
    5. Mex
    6. OrcaSubmarinedone 2:56
    7. RiptideFrigatedone 3:18 · typical 3:50
    8. Con turret
    9. Mex ×3
    10. Naval Radar / Sonar TowerNaval Radar / Sonar Tower
    11. RiptideFrigate
    12. GuardGuard
    13. Naval Radar / Sonar TowerNaval Radar / Sonar Tower
    14. OppressorDestroyerdone 5:27 · typical 5:15
    15. Wind
    16. Mex
    17. Wind ×2
    18. Mex
    19. Wind
  3. 3

    5:00 to 10:00

    Economy
    • Metal Extractor1Mex
    • Wind Turbine8Wind
    Builders
    • Construction Ship1 Con ship
    • Death Cavalry1 Death Cavalry
    Army
    • Urchin1 Urchin
    • Riptide5 Frigate
    • Oppressor2 Destroyer
    • Herring2 Missile corvette
    Other
    • Naval Radar / Sonar Tower1 Naval Radar / Sonar Tower

    Some games also: Naval Construction Turret (49%) · Guard (46%) · tidal (40%) · Radar Tower (39%) · wind (34%)

    By 10:00 in all: 9 mex · 10 wind · 4 wind · 4 tidal · 1 energy storage · 1 Naval Construction Turret

    The example game in this phase · 70 steps
    1. Mex
    2. Wind
    3. GuardGuard
    4. Wind ×2
    5. HerringMissile corvette
    6. Wind
    7. Death CavalryDeath Cavalry
    8. Wind
    9. Radar TowerRadar Tower
    10. Naval Radar / Sonar TowerNaval Radar / Sonar Tower
    11. Wind ×3
    12. RiptideFrigate
    13. Wind ×4
    14. Dragon's MawDragon's Maw
    15. Wind ×3
    16. RiptideFrigate
    17. Wind ×5
    18. RiptideFrigate
    19. Wind ×4
    20. RiptideFrigate
    21. Converter ×3
    22. RiptideFrigate
    23. Converter
    24. Wind
    25. Radar TowerRadar Tower
    26. Wind ×2
    27. OppressorDestroyer
    28. Mex
    29. Wind ×4
    30. Mex
    31. Wind ×6
    32. HerringMissile corvette
    33. Wind ×2
    34. RiptideFrigate
    35. Wind ×2
    36. OppressorDestroyer
    37. HerringMissile corvette
    38. Naval Construction Turret
    39. HerringMissile corvette
    40. Con turret
    41. BeamerBeamer
    42. Advanced Metal ExtractorT2 mexdone 10:14 · typical 9:59
    43. Naval Construction Turret
    44. BeamerBeamer
    45. Naval Construction Turret
    46. GuardGuard
    47. Advanced ShipyardAdvanced Shipyarddone 11:22
    48. BeamerBeamer
    49. Bot LabBot Labnot finished by 15:00
    50. Mex
    51. Advanced Construction SubAdvanced Construction Sub
    52. Mex
    53. PathfinderPathfinder ×2
    54. Naval Advanced Metal ExtractorNaval Advanced Metal Extractordone 12:22
    55. PathfinderPathfinder
    56. PhantasmRadar jammer ship
    57. Naval Construction Turret
    58. DespotBattleshipdone 13:49
    59. Naval Construction Turret ×2
    60. Naval Advanced Metal ExtractorNaval Advanced Metal Extractor
    61. Twin GuardTwin Guard
    62. Advanced Metal ExtractorT2 mex
    63. ShipyardEat Shipyardreclaimed for its metal
    64. Advanced Metal ExtractorT2 mex
    65. Twin GuardTwin Guard
    66. DespotBattleship
    67. Twin GuardTwin Guard
    68. Naval Advanced Metal ExtractorNaval Advanced Metal Extractor
    69. Vehicle PlantVehicle Plantdone 14:47
    70. IncisorIncisor ×3

Counts are medians over the build's games: half of them build more, half fewer. The example game is fanboi's (32 OS, 07/10/2026); pick another.

Team trades

IN AT LEAST 30% OF ITS GAMES

You hand over

  • Wind Turbine3 Wind to Airfirst at 1:46 · in 77% of games

You get

  • Finch1 Finch from Airfirst at 2:00 · in 80% of games
  • Lazarus1 Lazarus from Geofirst at 2:13 · in 63% of games
  • Hephaestus1 Heavy transport from Airfirst at 2:15 · in 65% of games
  • Construction Bot1 Con bot from Geofirst at 2:26 · in 70% of games
  • Hercules1 Light transport from Airfirst at 2:34 · in 32% of games
  • Advanced Construction Bot1 T2 con bot from Techfirst at 8:09 · in 89% of games

How it plays out

Typical game of this build, running totals by minute

Metal produced

010k20k30k
0:005:0010:0015:00

metal

Enemy metal destroyed

05k10k
0:005:0010:0015:00

metal

Own metal lost

02.5k5k7.5k
0:005:0010:0015:00

metal

1756 games.

Show as table
ByMetal produced: This buildEnemy metal destroyed: This buildOwn metal lost: This build
1:0040300
2:0093700
3:00155300
4:002539051
5:003717176103
6:005044484281
7:006488974599
8:00806916701013
9:00968326041541
10:001153737182343
11:001368547653112
12:001625058753910
13:001895468794652
14:002167279375711
15:002457688436529
WHAT THE NUMBERS SAY

Standard Beach sea play has the lowest team win rate of these builds and destroys far less enemy metal early than it loses eco time.

  • + Metal produced climbs to 24945 by 15:00, the highest of all six roles.
  • + Riptide and Oppressor together make 63% of army, a focused naval composition.
  • − Enemy metal destroyed is only 200 by 5:00, barely contesting early sea.
  • − T2 factory only reached in 35% of games, behind other roles' T2 timing.
THE EXAMPLE YOU ARE READING

fanboi

32.4 OS · 07/10/2026

Open source match ↗

10 received units · includes a constructor
821 metal received · 62091 energy received

Allied construction assistance is unknown. Timings are observations, not a promise of solo reproducibility.

Typical milestones

Shipyard1:56Middle 50%: 1:43–2:07 · n=1753
Riptide3:50Middle 50%: 3:12–4:34 · n=1710
Oppressor5:15Middle 50%: 4:28–6:07 · n=1692
Advanced Metal Extractor9:59Middle 50%: 9:17–10:55 · n=1485

Played most by

EpicTyrannus120games of this buildDamsko69games of this buildKbot_my_Ahole67games of this buildWaboum64games of this buildPRO_HYDRA63games of this build